 Dungeon Crawl Stone Soup version 0.18-a0-76-g3fe7f8b (webtiles) character file.

4540 ReteAZ the Grappler (level 10, 0/102 HPs)
             Began as a Troll Monk on Nov 12, 2015.
             Was a Believer of Ru.
             Slain by Proton's ghost (5 damage)
             ... on level 8 of the Dungeon.
             The game lasted 00:13:44 (6157 turns).

ReteAZ the Grappler (Troll Monk)                    Turns: 6157, Time: 00:13:44

Health: 0/102      AC:  7    Str: 24    XL:     10   Next: 17%
Magic:  9/9        EV: 14    Int:  9    God:    Ru [**....]
Gold:   382        SH:  0    Dex: 15    Spells: 0 memorised, 9 levels left

rFire  + . .     SeeInvis .     J - +9 broad axe of Profit {elec, rC+ Str+3 Int+3}
rCold  . . .     Clarity  .     T - +2 robe {MR+}
rNeg   + . .     SustAt   .     (no shield)
rPois  .         Gourm    +     (helmet restricted)
rElec  .         Spirit   .     (no cloak)
rCorr  .         Warding  +     (gloves unavailable)
rMut   .         Stasis   .     (boots unavailable)
MR     ++...                    F - amulet of warding
Stlth  ..........               K - ring of fire
                                y - ring of protection from magic

@: very resistant to hostile enchantments, extremely unstealthy
A: unfitting armour, claws 3, fast metabolism 3, gourmand, regeneration 2,
shaggy fur 1, tough skin 2, no stealth, hated by all
a: Renounce Religion


You were on level 8 of the Dungeon.
You worshipped Ru.
Ru was pleased with you.
You were completely stuffed.

You visited 1 branch of the dungeon, and saw 8 of its levels.
You also visited: Sewer and Ossuary.

You collected 382 gold pieces.

Inventory:

Hand Weapons
 J - the +9 broad axe of Profit (weapon) {elec, rC+ Str+3 Int+3}
   (You found it on level 5 of the Dungeon)

   Occasionally, upon striking a foe, it will discharge some electrical energy
   and cause terrible harm.
   It affects your strength (+3).
   It affects your intelligence (+3).
   It protects you from cold.
Armour
 a - a +0 robe
 T - a +2 robe of magic resistance (worn)
Jewellery
 p - a cursed ring of flight
 y - a ring of protection from magic (left claw)
 F - an amulet of warding (around neck)
 H - an uncursed ring of protection from magic
 K - a ring of fire (right claw)
 N - an uncursed ring of teleportation
Wands
 r - a wand of polymorph (17)
 A - a wand of frost (22)
 B - a wand of confusion (7)
 E - a wand of enslavement (8)
Scrolls
 d - 10 scrolls of identify
 h - a scroll of remove curse
 m - 5 scrolls of enchant weapon
 q - 2 scrolls of fear
 w - 9 scrolls of teleportation
 D - a scroll of fog
 O - 2 scrolls of recharging
 Q - a scroll of amnesia
 U - a scroll of blinking
Potions
 c - 5 potions of curing
 e - a potion of degeneration {unknown}
 f - a potion of haste {unknown}
 g - a potion of cancellation {unknown}
 i - 2 potions of magic {unknown}
 l - 4 potions of cure mutation {unknown}
 n - 3 potions of poison {unknown}
 o - 2 potions of brilliance {unknown}
 t - a potion of flight {unknown}
 v - 2 potions of agility {unknown}
 x - 2 potions of resistance {unknown}
 z - 2 potions of lignification {unknown}
 C - a potion of ambrosia {unknown}
 G - 3 potions of might {unknown}
 L - a potion of mutation {unknown}
 S - a potion of heal wounds {unknown}
Books
 u - a book of Conjurations

   Spells                             Type                      Level
   a - Magic Dart                     Conjuration                  1
   b - Searing Ray                    Conjuration                  2
   c - Dazzling Spray                 Conjuration/Hexes            3
   d - Fulminant Prism                Conjuration/Hexes            4
   e - Iskenderun's Mystic Blast      Conjuration                  4
   f - Iskenderun's Battlesphere      Conjuration/Charms           5
 M - a book of Unlife

   Spells                             Type                      Level
   a - Recall                         Summoning/Translocation      3
   b - Animate Dead                   Necromancy                   4
   c - Control Undead                 Necromancy                   4
   d - Cigotuvi's Embrace             Necromancy                   5
   e - Death Channel                  Necromancy                   6
   f - Simulacrum                     Ice/Necromancy               6
 R - a book of Death

   Spells                             Type                      Level
   a - Corpse Rot                     Necromancy                   2
   b - Sublimation of Blood           Necromancy                   2
   c - Agony                          Necromancy                   5
   d - Dispel Undead                  Necromancy                   5
   e - Excruciating Wounds            Charms/Necromancy            5
   f - Bolt of Draining               Conjuration/Necromancy       5
Comestibles
 b - 6 bread rations {@e1}
 j - a royal jelly
 k - 2 meat rations {@e2}
 s - 3 beef jerkies
 I - 24 fruits
 P - a slice of pizza
 V - 4 chunks of flesh {@w0}


   Skills:
 + Level 7.0 Fighting
 + Level 7.0 Dodging
 - Level 10.7 Unarmed Combat


You had 9 spell levels left.
You didn't know any spells.

Dungeon Overview and Level Annotations

Branches:
Dungeon (8/15)             Temple (0/1) D:5            Lair (0/8) D:8

Altars:
Ashenzari
Nemelex Xobeh
Okawaru
Qazlal
Ru
Trog
The Shining One

Annotations:
D:8 Proton's ghost, novice DDFi


Innate Abilities, Weirdness & Mutations

You are too large for most types of armour.
You have claws for hands.
Your metabolism is lightning-fast.
You like to eat raw meat.
You heal very quickly.
You are covered in fur (AC +1).
You have very tough skin (AC +2).
You cannot be stealthy.
You are hated by all.


Message History

Proton's ghost is heavily damaged.
Proton's ghost misses you.
You slash Proton's ghost!
Proton's ghost is heavily damaged.
Proton's ghost hits you! Proton's ghost hits you!!
* * * LOW HITPOINT WARNING * * *
You hit Proton's ghost but do no damage.
Proton's ghost is heavily damaged.
Proton's ghost misses you.
You barely miss Proton's ghost. Your claw misses Proton's ghost.
Proton's ghost is heavily damaged.
Proton's ghost hits you!
* * * LOW HITPOINT WARNING * * *
Proton's ghost hits you but does no damage.
You closely miss Proton's ghost.
Proton's ghost is heavily damaged.
Proton's ghost hits you!
* * * LOW HITPOINT WARNING * * *
Proton's ghost hits you.
You die...

..... .... #... ...
#.. #+## # #.#
#...## ##. #W#
##.....## #...#@#
##.......#
##.....###.........
..........'.........
........###.........
###.#.### ##.......#
#.## ###....(..## #
##..P.P.....##
#P...........#
##...P........####


You could see Proton's ghost.

Vanquished Creatures
  Sigmund (D:4)
  A hungry ghost (D:7)
  Menkaure (D:4)
  A deep elf fighter (D:8)
  Duvessa (D:7)
  Purgy (Sewer)
  3 sky beasts
  3 orc warriors
  2 phantoms
  2 black bears
  4 ogres
  2 centaurs
  An elf zombie (Ossuary)
  Blork the orc (D:4)
  7 giant frogs
  Dowan (D:7)
  2 scorpions
  3 killer bees (D:6)
  2 human zombies (Ossuary)
  A jelly (D:8)
  An orc priest (D:8)
  2 crimson imps (D:8)
  8 orc wizards
  8 centaur zombies (Ossuary)
  An iguana (D:7)
  A quasit (D:7)
  2 hounds
  Natasha (thrice) (D:4)
  13 worker ants
  3 mummies (Ossuary)
  2 hound skeletons
  2 worker ant zombies
  10 adders
  4 river rats (D:8)
  3 oozes
  3 worms
  3 adder skeletons
  7 giant geckos
  24 orcs
  A ball python (D:2)
  5 giant cockroaches
  12 goblins
  8 hobgoblins
  3 jackals (D:2)
  3 quokkas
  18 bats
  A giant gecko skeleton (D:6)
  5 giant newts
  5 kobolds
  20 rats
  2 fungi (D:8)
223 creatures vanquished.

Vanquished Creatures (others)
  A centaur zombie (Ossuary)
  9 fungi (D:8)
  A plant (D:8)
11 creatures vanquished.

Grand Total: 234 creatures vanquished

Notes
Turn   | Place    | Note
--------------------------------------------------------------
     0 | D:1      | ReteAZ the Troll Monk began the quest for the Orb.
     0 | D:1      | Reached XP level 1. HP: 22/22 MP: 0/0
   244 | D:1      | Reached XP level 2. HP: 29/29 MP: 1/1
   812 | D:2      | Found a glowing golden altar of the Shining One.
  1019 | D:2      | Reached skill level 5 in Unarmed Combat
  1021 | D:2      | Reached XP level 3. HP: 36/36 MP: 2/2
  1474 | D:2      | Found a faded altar to an unknown god.
  1547 | D:3      | Reached XP level 4. HP: 36/44 MP: 3/3
  1653 | D:3      | Reached skill level 6 in Unarmed Combat
  1740 | D:3      | Found a stormy altar of Qazlal.
  1927 | D:3      | Reached XP level 5. HP: 46/50 MP: 4/4
  2057 | D:3      | You fall through a shaft for 2 floors!
  2057 | D:5      | Entered Level 5 of the Dungeon
  2063 | D:5      | Reached skill level 7 in Unarmed Combat
  2084 | D:5      | Noticed a phantom
  2097 | D:5      | Killed a phantom
  2097 | D:5      | Reached XP level 6. HP: 57/59 MP: 5/5
  2124 | D:5      | Reached skill level 8 in Unarmed Combat
  2249 | D:5      | Found a glowing drain.
  2297 | Sewer    | Entered a sewer
  2418 | Sewer    | Noticed Purgy
  2424 | Sewer    | Killed Purgy
  2424 | Sewer    | Reached XP level 7. HP: 55/66 MP: 6/6
  2489 | D:4      | Found an iron altar of Okawaru.
  2552 | D:4      | Noticed Menkaure
  2556 | D:4      | Killed Menkaure
  2556 | D:4      | Reached skill level 9 in Unarmed Combat
  2559 | D:4      | Found a sacrificial altar of Ru.
  2580 | D:4      | Became a worshipper of Ru the Awakened
  2585 | D:4      | Gained mutation: You are hated by all. [Ru sacrifice]
  2585 | D:4      | Reached * piety under Ru
  2590 | D:4      | Noticed Natasha
  2593 | D:4      | Killed Natasha
  2601 | D:4      | Noticed Blork the orc
  2606 | D:4      | Killed Blork the orc
  2669 | D:4      | Found a shattered altar of Ashenzari.
  2702 | D:4      | Noticed Natasha
  2705 | D:4      | Killed Natasha
  2749 | D:4      | Noticed Sigmund
  2783 | D:4      | Killed Sigmund
  2783 | D:4      | Reached skill level 10 in Unarmed Combat
  2783 | D:4      | Reached XP level 8. HP: 74/74 MP: 7/7
  2983 | D:4      | Found a bloodstained altar of Trog.
  3052 | D:4      | Noticed Natasha
  3058 | D:4      | Killed Natasha
  3221 | D:3      | Found a sparkling altar of Nemelex Xobeh.
  3856 | D:5      | Found a staircase to the Ecumenical Temple.
  3876 | D:5      | Got a polished broad axe
  3877 | D:5      | Identified the +9 broad axe of Profit {elec, rC+ Str+3 Int+3} (You found it on level 5 of the Dungeon)
  4496 | D:6      | Reached XP level 9. HP: 73/85 MP: 8/8
  4965 | D:7      | Reached skill level 5 in Fighting
  4967 | D:7      | Reached skill level 5 in Dodging
  4982 | D:7      | Gained mutation: You cannot be stealthy. [Ru sacrifice]
  4982 | D:7      | Reached ** piety under Ru
  5514 | D:7      | Noticed Dowan
  5515 | D:7      | Noticed Duvessa
  5522 | D:7      | Killed Duvessa
  5524 | D:7      | Killed Dowan
  5773 | D:8      | Found a sand-covered staircase.
  5780 | Ossuary  | Entered an ossuary
  5844 | Ossuary  | Reached XP level 10. HP: 82/100 MP: 9/9
  6127 | D:8      | Found a staircase to the Lair.
  6147 | D:8      | Noticed Proton's ghost (novice DDFi)
  6157 | D:8      | HP: 5/102 [Proton's ghost (7)]
  6157 | D:8      | Slain by Proton's ghost

Vault maps used:
D:1:      dpeg_arrival_tiny_e, st_stairs_11
D:2:      overflow_temple_1_default, ecumenical_altar_1
D:3:      minmay_door_path, nicolae_overflow_crystal_walls,
          nicolae_qazlal_general_emergency
D:4:      lemuel_round_altar, ashenzari_conservatory_becter, marbit_many_paths,
          nicolae_ru_great_annihilating_truth, uniq_blork_the_orc, uniq_sigmund,
          uniq_menkaure, uniq_natasha
D:5:      temple_pool_b, first_bread, gup_sewer_entry_glass,
          eino_small_chamber_without_monster
D:7:      minmay_fountain_box, uniq_duvessa
D:8:      kiku_gazebo_garden_becter, grunt_lair_entry_elf_guard_hut,
          enter_ossuary_1, blue_anna_alchemist
Sewer:    kennysheep_door_sewer
Ossuary:  ossuary_minmay_four_chambers

Action                   |  1- 3 |  4- 6 |  7- 9 | 10-12 || total
-------------------------+-------+-------+-------+-------++-------
Melee: Unarmed           |   115 |   119 |    96 |       ||   330
       Broad axe         |       |       |   129 |    56 ||   185
Invok: Sacrifice Love    |       |       |     1 |       ||     1
       Sacrifice Stealth |       |       |     1 |       ||     1
  Use: Scroll            |       |    10 |     2 |     2 ||    14
       Potion            |       |       |     1 |       ||     1
 Stab: Sleeping          |     2 |     3 |     5 |       ||    10
       Distracted        |     1 |       |       |       ||     1
       Paralysed         |       |       |     1 |       ||     1
  Eat: Chunk             |    19 |     9 |    29 |     8 ||    65
       Bread ration      |       |       |       |     1 ||     1
